MWL (24 & UNDER)
BEMIDJI BENDERS @ COLUMBIA 08S
09/11/2024
 
TOP OF THE 1ST
Bemidji Benders batting - Pitching for Columbia 08s : LHP Ed Stevens
Pitching: LHP Ed Stevens
Batting: SHB Bob Noble 0-0: Called Strike
0-1: Foul Ball, location: 2F
0-2: Ball
1-2: Strikes out swinging
Batting: RHB Jesse Nelson 0-0: Ball
1-0: Called Strike
1-1: Ball
2-1: Ground out 6-3 (Groundball, 56)
Batting: RHB Juan Costello 0-0: Reached on error, E5 (Groundball, 56)
Batting: RHB Júlio Valdés 0-0: Ball
Juan Costello steals 2nd base
1-0: Called Strike
1-1: Ball
2-1: Ground out 1-3 (Groundball, 23)
Top of the 1st over - 0 run(s), 0 hit(s), 1 error(s), 1 left on base; Bemidji 0 - Columbia 0
BOTTOM OF THE 1ST
Columbia 08s batting - Pitching for Bemidji Benders : RHP Rod Day
Pitching: RHP Rod Day
Batting: RHB Ben Barker 0-0: Ball
1-0: Ground out 6-3 (Groundball, 6)
Batting: RHB Juan Trujillo 0-0: Swinging Strike
0-1: Ground out 6-3 (Groundball, 6)
Batting: LHB Ramiro Muńóz 0-0: Called Strike
0-1: Called Strike
0-2: Foul Ball, location: 2F
0-2: Strikes out swinging
Bottom of the 1st over - 0 run(s), 0 hit(s), 0 error(s), 0 left on base; Bemidji 0 - Columbia 0
TOP OF THE 2ND
Bemidji Benders batting - Pitching for Columbia 08s : LHP Ed Stevens
Batting: LHB Jesús Raugel 0-0: Foul Ball, location: 2F
0-1: Ball
1-1: Called Strike
1-2: Ball
2-2: Ball
3-2: Foul Ball, location: 2F
3-2: Strikes out looking
Batting: RHB Gabriel Stout 0-0: Ball
1-0: Ball
2-0: Ball
3-0: Base on Balls
Batting: LHB Tony O'Bryan 0-0: Ball
1-0: Ball
2-0: Ball
3-0: Base on Balls
Gabriel Stout to second
Batting: RHB Kawanari Hara 0-0: Called Strike
0-1: Foul Ball, location: 2F
0-2: Ball
1-2: Ball
2-2: Foul Ball, location: 2F
2-2: Grounds into double play, 3-6-1 (Groundball, 3)
Top of the 2nd over - 0 run(s), 0 hit(s), 0 error(s), 1 left on base; Bemidji 0 - Columbia 0
BOTTOM OF THE 2ND
Columbia 08s batting - Pitching for Bemidji Benders : RHP Rod Day
Batting: RHB Pat Fernández 0-0: Called Strike
0-1: Ball
1-1: Ball
2-1: Ground out 6-3 (Groundball, 6)
Batting: SHB Jorge Rodríguez 0-0: Ball
1-0: Ball
2-0: Ball
3-0: Called Strike
3-1: Base on Balls
Batting: RHB Pedro López 0-0: Called Strike
0-1: Swinging Strike
0-2: Strikes out looking
Batting: RHB Chris Burrell 0-0: Foul Ball, location: 2F
0-1: Called Strike
0-2: Foul Ball, location: 2F
0-2: Strikes out looking
Bottom of the 2nd over - 0 run(s), 0 hit(s), 0 error(s), 1 left on base; Bemidji 0 - Columbia 0
TOP OF THE 3RD
Bemidji Benders batting - Pitching for Columbia 08s : LHP Ed Stevens
Batting: RHB Bob Carr 0-0: Foul Ball, location: 2F
0-1: Ground out 6-3 (Groundball, 6)
Batting: SHB Bob Noble 0-0: Ground out 5-3 (Groundball, 5L)
Batting: RHB Jesse Nelson 0-0: Ball
1-0: Ball
2-0: Ball
3-0: Base on Balls
Batting: RHB Juan Costello 0-0: Called Strike
0-1: Ball
1-1: Swinging Strike
1-2: Ball
2-2: Ball
3-2: Base on Balls
Jesse Nelson to second
Batting: RHB Júlio Valdés 0-0: Called Strike
0-1: Swinging Strike
0-2: Foul Ball, location: 2F
0-2: Ball
1-2: Foul Ball, location: 2F
1-2: Ball
2-2: Ball
3-2: Strikes out looking
Top of the 3rd over - 0 run(s), 0 hit(s), 0 error(s), 2 left on base; Bemidji 0 - Columbia 0
BOTTOM OF THE 3RD
Columbia 08s batting - Pitching for Bemidji Benders : RHP Rod Day
Batting: RHB Henry Fox 0-0: Ball
1-0: Foul Ball, location: 2F
1-1: Swinging Strike
1-2: DOUBLE (Line Drive, 78M)
Pinch Runner at 2nd León Hernández:
Batting: RHB Danny Johnston 0-0: Ball
1-0: Ground out 1-3 (Groundball, 13S)
León Hernández to third
Batting: RHB Ben Barker 0-0: Ball
1-0: Called Strike
1-1: Foul Ball, location: 2F
1-2: Strikes out looking
Batting: RHB Juan Trujillo 0-0: Called Strike
0-1: Called Strike
0-2: Foul Ball, location: 2F
0-2: Ball
1-2: Ball
2-2: Strikes out swinging
Bottom of the 3rd over - 0 run(s), 1 hit(s), 0 error(s), 1 left on base; Bemidji 0 - Columbia 0
TOP OF THE 4TH
Bemidji Benders batting - Pitching for Columbia 08s : LHP Ed Stevens
Now at SS: León Hernández
Batting: LHB Jesús Raugel 0-0: Ball
1-0: Ground out 1-3 (Groundball, 13)
Batting: RHB Gabriel Stout 0-0: Ball
1-0: Ball
2-0: Ball
3-0: Called Strike
3-1: Called Strike
3-2: Ground out 5-3 (Groundball, 56)
Batting: LHB Tony O'Bryan 0-0: Ball
1-0: Foul Ball, location: 2F
1-1: Ball
2-1: Swinging Strike
2-2: Ball
3-2: SINGLE (Groundball, 34D)
Batting: RHB Kawanari Hara 0-0: Ball
1-0: Called Strike
1-1: Ball
2-1: Swinging Strike
2-2: Foul Ball, location: 2F
2-2: Ball
3-2: Fly out, F6 (Popup, 6M)
Top of the 4th over - 0 run(s), 1 hit(s), 0 error(s), 1 left on base; Bemidji 0 - Columbia 0
BOTTOM OF THE 4TH
Columbia 08s batting - Pitching for Bemidji Benders : RHP Rod Day
Batting: LHB Ramiro Muńóz 0-0: Ball
1-0: Ball
2-0: Called Strike
2-1: Foul Ball, location: 2F
2-2: Foul Ball, location: 2F
2-2: Foul Ball, location: 2F
2-2: Ball
3-2: Base on Balls
Batting: RHB Pat Fernández 0-0: Ball
1-0: Foul Ball, location: 2F
1-1: Ball
2-1: Foul Ball, location: 2F
2-2: Ball
3-2: Foul Ball, location: 2F
3-2: Foul Ball, location: 2F
3-2: Fly out, F9 (Flyball, 89M)
Batting: SHB Jorge Rodríguez 0-0: Called Strike
0-1: Called Strike
0-2: Strikes out swinging
Batting: RHB Pedro López 0-0: Swinging Strike
0-1: Ball
1-1: Fielders Choice at 2nd, 6-4 (Groundball, 6)
Bottom of the 4th over - 0 run(s), 0 hit(s), 0 error(s), 0 left on base; Bemidji 0 - Columbia 0
TOP OF THE 5TH
Bemidji Benders batting - Pitching for Columbia 08s : LHP Ed Stevens
Batting: RHB Bob Carr 0-0: Swinging Strike
0-1: Ball
1-1: Ball
2-1: Swinging Strike
2-2: Foul Ball, location: 2F
2-2: Ball
3-2: Strikes out swinging
Batting: SHB Bob Noble 0-0: Foul Ball, location: 2F
0-1: Swinging Strike
0-2: Ball
1-2: Fly out, F9 (Flyball, 89M)
Batting: RHB Jesse Nelson 0-0: Ball
1-0: SINGLE (Groundball, 5L)
Pitching: RHP Errol Murphy
Batting: RHB Juan Costello 0-0: Ball
Jesse Nelson is caught stealing 2nd base
Top of the 5th over - 0 run(s), 1 hit(s), 0 error(s), 0 left on base; Bemidji 0 - Columbia 0
BOTTOM OF THE 5TH
Columbia 08s batting - Pitching for Bemidji Benders : RHP Rod Day
Batting: RHB Chris Burrell 0-0: Ball
1-0: Ball
2-0: Called Strike
2-1: Ball
3-1: Base on Balls
Batting: RHB León Hernández 0-0: Called Strike
0-1: Foul Ball, location: 2F
0-2: Ball
1-2: Ball
2-2: Ball
3-2: Strikes out swinging
Batting: RHB Danny Johnston 0-0: Fielders Choice at 2nd, 6-4 (Groundball, 6)
Batting: RHB Ben Barker 0-0: Ball
1-0: Called Strike
Danny Johnston is caught stealing 2nd base
Bottom of the 5th over - 0 run(s), 0 hit(s), 0 error(s), 0 left on base; Bemidji 0 - Columbia 0
TOP OF THE 6TH
Bemidji Benders batting - Pitching for Columbia 08s : RHP Errol Murphy
Batting: RHB Juan Costello 0-0: SINGLE (Line Drive, 6D)
Batting: RHB Júlio Valdés 0-0: Called Strike
Juan Costello steals 2nd base
0-1: Ball
1-1: Called Strike
1-2: DOUBLE (Line Drive, 7LM)
Juan Costello scores
Batting: LHB Jesús Raugel 0-0: Ball
1-0: Swinging Strike
1-1: Ball
2-1: Foul Ball, location: 2F
2-2: Foul Ball, location: 2F
2-2: TRIPLE (Line Drive, 8RM)
Júlio Valdés scores
Batting: RHB Gabriel Stout 0-0: Ball
1-0: Ball
2-0: Foul Ball, location: 2F
2-1: Foul Ball, location: 2F
2-2: Foul Ball, location: 2F
2-2: Ball
3-2: SINGLE (Line Drive, 4MD)
Jesús Raugel scores
Pitching: LHP Glenn Fox
Batting: LHB Tony O'Bryan 0-0: Called Strike
0-1: Ball
1-1: Ball
2-1: Called Strike
2-2: Strikes out swinging
Pitching: RHP Ryan Allen
Batting: RHB Kawanari Hara 0-0: Called Strike
0-1: Fly out, F6 (Line Drive, 6M)
Batting: RHB Bob Carr 0-0: Ball
1-0: Called Strike
1-1: Foul Ball, location: 2F
1-2: Ball
2-2: Foul Ball, location: 2F
2-2: Foul Ball, location: 2F
2-2: Foul Ball, location: 2F
2-2: Foul Ball, location: 2F
2-2: Foul Ball, location: 2F
2-2: Strikes out swinging
Top of the 6th over - 3 run(s), 4 hit(s), 0 error(s), 1 left on base; Bemidji 3 - Columbia 0
BOTTOM OF THE 6TH
Columbia 08s batting - Pitching for Bemidji Benders : RHP Rod Day
Batting: RHB Ben Barker 0-0: SINGLE (Line Drive, 56)
Batting: RHB Juan Trujillo 0-0: Ball
1-0: Ball
2-0: Foul Ball, location: 2F
2-1: Ball
3-1: Base on Balls
Ben Barker to second
Batting: LHB Ramiro Muńóz 0-0: Foul Ball, location: 2F
0-1: Ball
1-1: Ball
2-1: Ball
3-1: Foul Ball, location: 2F
3-2: Foul Ball, location: 2F
3-2: Strikes out swinging
Ben Barker steals 3rd base
Batter strikes out.
Juan Trujillo to second
Pitching: RHP Ralph Oliver
Batting: RHB Pat Fernández 0-0: Called Strike
0-1: Ball
1-1: Ball
2-1: Swinging Strike
2-2: Ball
3-2: Foul Ball, location: 2F
3-2: Fly out, F7 (Flyball, 78D)
Runner from 3rd tags up, SCORES, no throw
Batting: SHB Jorge Rodríguez 0-0: Called Strike
0-1: Ball
1-1: Ball
2-1: Ball
3-1: Base on Balls
Batting: RHB Pedro López 0-0: Fly out, F9 (Popup, 89S)
Bottom of the 6th over - 1 run(s), 1 hit(s), 0 error(s), 2 left on base; Bemidji 3 - Columbia 1
TOP OF THE 7TH
Bemidji Benders batting - Pitching for Columbia 08s : RHP Ryan Allen
Batting: SHB Bob Noble 0-0: Called Strike
0-1: Foul Ball, location: 2F
0-2: Ball
1-2: Hit by Pitch
Batting: RHB Jesse Nelson 0-0: Called Strike
Bob Noble is caught stealing 2nd base
0-1: Called Strike
0-2: Strikes out swinging
Batting: RHB Juan Costello 0-0: Ball
1-0: Called Strike
1-1: Swinging Strike
1-2: Strikes out swinging
Top of the 7th over - 0 run(s), 0 hit(s), 0 error(s), 0 left on base; Bemidji 3 - Columbia 1
BOTTOM OF THE 7TH
Columbia 08s batting - Pitching for Bemidji Benders : RHP Ralph Oliver
Batting: RHB Chris Burrell 0-0: Foul Ball, location: 2F
0-1: Foul Ball, location: 2F
0-2: Fly out, F9 (Flyball, 9M)
Batting: RHB León Hernández 0-0: Swinging Strike
0-1: Called Strike
0-2: Ball
1-2: Strikes out swinging
Batting: RHB Danny Johnston 0-0: Ball
1-0: Ball
2-0: SINGLE (Groundball, 34D)
Batting: RHB Ben Barker 0-0: Ball
1-0: Called Strike
1-1: Foul Ball, location: 2F
1-2: Ball
2-2: Strikes out swinging
Bottom of the 7th over - 0 run(s), 1 hit(s), 0 error(s), 1 left on base; Bemidji 3 - Columbia 1
TOP OF THE 8TH
Bemidji Benders batting - Pitching for Columbia 08s : RHP Ryan Allen
Batting: RHB Júlio Valdés 0-0: Called Strike
0-1: SOLO HOME RUN (Flyball, 7LD), Distance : 358 ft
Batting: LHB Jesús Raugel 0-0: Foul Ball, location: 2F
0-1: Swinging Strike
0-2: Strikes out swinging
Pitching: LHP Rob Price
Batting: RHB Gabriel Stout 0-0: Foul Ball, location: 2F
0-1: Hit by Pitch
Batting: LHB Tony O'Bryan 0-0: Called Strike
0-1: Swinging Strike
0-2: Ball
1-2: SINGLE (Line Drive, 4)
Gabriel Stout to second
Batting: RHB Kawanari Hara 0-0: Called Strike
0-1: Foul Ball, location: 2F
0-2: Strikes out looking
Batting: RHB Bob Carr 0-0: Called Strike
0-1: Ball
1-1: Fly out, F9 (Flyball, 89M)
Top of the 8th over - 1 run(s), 2 hit(s), 0 error(s), 2 left on base; Bemidji 4 - Columbia 1
BOTTOM OF THE 8TH
Columbia 08s batting - Pitching for Bemidji Benders : RHP Ralph Oliver
Batting: RHB Juan Trujillo 0-0: Swinging Strike
0-1: Called Strike
0-2: Strikes out swinging
Pitching: RHP Tom Fisher
Batting: LHB Ramiro Muńóz 0-0: Fly out, F7 (Flyball, 7M)
Batting: RHB Pat Fernández 0-0: Ball
1-0: Foul Ball, location: 2F
1-1: SINGLE (Flyball, 8LS)
Pitching: LHP Justin Short
Batting: SHB Jorge Rodríguez 0-0: Ball
1-0: Called Strike
1-1: Ball
2-1: Swinging Strike
2-2: Foul Ball, location: 2F
2-2: Strikes out swinging
Bottom of the 8th over - 0 run(s), 1 hit(s), 0 error(s), 1 left on base; Bemidji 4 - Columbia 1
TOP OF THE 9TH
Bemidji Benders batting - Pitching for Columbia 08s : LHP Rob Price
Batting: SHB Bob Noble 0-0: Ball
1-0: Ball
2-0: Ball
3-0: Called Strike
3-1: Foul Ball, location: 2F
3-2: Strikes out swinging
Batting: RHB Jesse Nelson 0-0: Swinging Strike
0-1: Ball
1-1: Ball
2-1: Called Strike
2-2: Ball
3-2: Strikes out looking
Batting: RHB Juan Costello 0-0: Ball
1-0: SINGLE (Flyball, 8RS)
Batting: RHB Júlio Valdés 0-0: Called Strike
0-1: Ball
Juan Costello is caught stealing 2nd base
Top of the 9th over - 0 run(s), 1 hit(s), 0 error(s), 0 left on base; Bemidji 4 - Columbia 1
BOTTOM OF THE 9TH
Columbia 08s batting - Pitching for Bemidji Benders : LHP Justin Short
Pitching: LHP Roberto Galaz
Batting: RHB Pedro López 0-0: Ball
1-0: Called Strike
1-1: Foul Ball, location: 2F
1-2: Fly out, F8 (Flyball, 8LM)
Batting: RHB Chris Burrell 0-0: Called Strike
0-1: Called Strike
0-2: Strikes out swinging
Batting: RHB León Hernández 0-0: Called Strike
0-1: Ball
1-1: Ball
2-1: Ball
3-1: Foul Ball, location: 2F
3-2: Base on Balls
Batting: RHB Danny Johnston 0-0: Ball
1-0: Called Strike
1-1: Fly out, F8 (Flyball, 8LM)
Bottom of the 9th over - 0 run(s), 0 hit(s), 0 error(s), 1 left on base; Bemidji 4 - Columbia 1
This league is powered by Out of the Park Baseball, the baseball management simulation game for PC, Mac and Linux
Saturday, April 9th, 2016 - OOTP Baseball 16.8 Build 38